 Dungeon Crawl Stone Soup version 0.17-a0-1850-g688e747 (webtiles) character file.

77639 kae the Impaler (level 15, -9/146 HPs)
             Began as a Naga Fighter on Sept 18, 2015.
             Was the Champion of Cheibriados.
             Mangled by an enormous slime creature (57 damage)
             ... on level 14 of the Dungeon on Sept 19, 2015.
             The game lasted 00:46:31 (26942 turns).

kae the Impaler (Naga Fighter)                     Turns: 26942, Time: 00:46:32

Health: -9/146     AC: 20    Str: 38    XL:     15   Next: 57%
Magic:  24/24      EV:  6    Int: 18    God:    Cheibriados [******]
Gold:   2009       SH:  0    Dex: 38    Spells: 0 memorised, 14 levels left

rFire  + . .     SeeInvis +     b - +1 glaive (venom)
rCold  . . .     Clarity  .     c - +1 plate armour {rF+}
rNeg   + . .     SustAt   .     (no shield)
rPois  +         Gourm    .     h - +2 helmet "Apponwid" {*Contam Int-5 Dex+3 Slay+5}
rElec  .         Spirit   .     P - +2 cloak
rCorr  .         Warding  .     p - +1 pair of gloves
rMut   .         Stasis   .     (no barding)
MR     +....                    y - amulet of faith
Stlth  ..........               Z - +5 ring of strength
                                X - ring of positive energy

@: very slow, somewhat resistant to hostile enchantments, extremely unstealthy
A: see invisible, agile 1, deformed body, poison resistance, slowness 2, slow
metabolism 1, spit poison 2, constrict 1, AC +5
a: Spit Poison, Bend Time, Temporal Distortion, Slouch, Step From Time, Renounce
Religion


You were on level 14 of the Dungeon.
You worshipped Cheibriados.
Cheibriados was exalted by your worship.
You were very hungry.

You visited 4 branches of the dungeon, and saw 24 of its levels.

You collected 2009 gold pieces.

Inventory:

Hand weapons
 a - a +3 trident of freezing
 b - a +1 glaive of venom (weapon)
 z - a +0 scythe
Armour
 c - a +1 plate armour of fire resistance (worn)
 h - the +2 helmet "Apponwid" (worn) {*Contam Int-5 Dex+3 Slay+5}
   (You found it on level 8 of the Dungeon)

   It affects your intelligence (-5).
   It affects your dexterity (+3).
   It affects your accuracy and damage with ranged weapons and melee attacks
   (+5).
   It causes magical contamination when unequipped.
 k - a +3 ring mail of magic resistance
 p - a +1 pair of gloves (worn)
 O - the +0 shield "Sutrunag" {MP+9}
   (You found it on level 10 of the Dungeon)

   It affects your magic capacity (+9).
 P - a +2 cloak (worn)
Jewellery
 d - an uncursed ring of teleportation
 i - an uncursed ring of sustain attributes
 y - an amulet of faith (around neck)
 M - an uncursed ring of protection from cold
 X - a ring of positive energy (left hand)
 Y - an uncursed ring of flight
 Z - a +5 ring of strength (right hand)
Magical devices
 g - a wand of digging (7)
 v - a wand of random effects (21)
 w - a wand of disintegration (24)
 x - a wand of fireball (2)
 A - a wand of teleportation (5)
 E - a wand of fireball (10)
 K - a wand of cold (7)
Scrolls
 m - 8 scrolls of remove curse
 G - 2 scrolls of recharging
 N - 7 scrolls of blinking
 Q - a scroll of teleportation
 R - a scroll of holy word
 S - a scroll of amnesia
Potions
 f - 2 potions of magic
 j - 3 potions of heal wounds
 l - a potion of brilliance
 n - a potion of flight
 s - 5 potions of mutation
 B - a potion of agility
 I - 6 potions of curing
 J - a potion of invisibility
 L - 4 potions of cure mutation
 U - a potion of cancellation {unknown}
 V - 2 potions of resistance
 W - a potion of might
Books
 u - a book of Callings

   Spells                             Type                      Level
   a - Summon Small Mammal            Summoning                    1
   b - Call Imp                       Summoning                    2
   c - Call Canine Familiar           Summoning                    3
   d - Summon Guardian Golem          Hexes/Summoning              3
   e - Summon Lightning Spire         Summoning/Air                4
   f - Summon Ice Beast               Ice/Summoning                4
 H - a book of Battle

   Spells                             Type                      Level
   a - Infusion                       Charms                       1
   b - Shroud of Golubria             Charms/Translocation         2
   c - Song of Slaying                Charms                       2
   d - Spectral Weapon                Hexes/Charms                 3
   e - Regeneration                   Charms/Necromancy            3
Comestibles
 e - 18 bread rations
 o - 13 meat rations
 q - 20 fruits
 r - 4 beef jerkies
 t - 3 slices of pizza


   Skills:
 - Level 12.4 Fighting
 + Level 19.6 Polearms
 - Level 2.4 Armour
 - Level 2.4 Shields
 - Level 13.1 Invocations


You had 14 spell levels left.
You didn't know any spells.

Dungeon Overview and Level Annotations

Branches:
Dungeon (14/15)            Temple (1/1) D:7            Lair (8/8) D:11
 Shoals (0/4) Lair:4       Spider (0/4) Lair:5        Slime (0/6) Lair:8
    Orc (1/4) D:11
 Vaults: D:13-14

Altars:
Ashenzari
Cheibriados
Dithmenos
Elyvilon
Fedhas
Makhleb
Okawaru
Qazlal
Ru
Trog
Vehumet
Xom
Zin
The Shining One
Beogh
Jiyva

Shops:
D:9 :(:


Innate Abilities, Weirdness & Mutations

You cannot wear boots.
Your serpentine skin is tough (AC +5).
You have supernaturally acute eyesight.
Armour fits poorly on your strangely shaped body.
Your system is resistant to poisons.
You cover ground very slowly.
You have a slow metabolism.
You can spit poison.
You can use your snake-like lower body to constrict enemies.
You are agile. (Dex +2)


Message History

A shadow imp comes into view.
Unknown command.
A very large slime creature splits.
A slime creature suddenly becomes a very large slime creature.
Unknown command.
Two slime creatures merge to form an enormous slime creature.
The shadow imp gestures at you. Pain shoots through your body!
A scorpion comes into view.
Welcome back, kae the Naga Fighter.
Cheibriados says: Take it easy.
Press ? for a list of commands and other information.
Welcome back, kae the Naga Fighter.
Cheibriados says: Take it easy.
Press ? for a list of commands and other information.
Unknown command.
You slash the enormous slime creature!
The enormous slime creature is lightly wounded.
The enormous slime creature hits you!!!
You die...

#. .# .###..
..#..## .#
..>...##.#
##.#.#..#.#
.....#.#.#
#5##e....########
#@#WJ.5....##...#
#J#.H.e....##...##
#pW##e.....##.<...
##.####.#ยง.#......
#.# #.##..(.....
#.. #....).(....
##s.......#.....#
..##..........#
......#.#....##


You could see a vault guard, an enormous slime creature, a shadow (invisible), a
scorpion and a shadow imp.

Vanquished Creatures
  Maud (D:11)
  Nessos (Lair:6)
  A dire elephant (Lair:8)
  Fannar (Lair:3)
  13 hydras
  2 catoblepae
  2 centaur warriors
  The ghost of mcbry74 the Whirler, a powerful HaHu of the Shining One (D:9)
  A deep troll shaman (Lair:8)
  5 death yaks (Lair:8)
  3 skeletal warriors (D:13)
  5 hill giants
  A lindwurm (Lair:7)
  4 griffons
  3 cyclopes
  An oklob plant (Lair:5)
  4 ugly things
  A manticore (D:12)
  9 elephants (Lair:8)
  Maurice (D:10)
  Joseph (D:10)
  7 black mambas
  2 torpor snails
  11 spiny frogs
  A fire drake (Lair:2)
  The ghost of emiel the Grave Robber, an experienced FoNe (D:5)
  7 komodo dragons
  An efreet (D:14)
  2 polar bears (Lair:7)
  Grinder (D:4)
  A two-headed ogre (D:11)
  21 blink frogs
  4 trolls
  A boulder beetle (Lair:7)
  5 slime creatures
  Sigmund (D:3)
  2 shadows
  20 hippogriffs
  A spriggan (D:7)
  46 yaks
  Grum (D:10)
  A warg (D:11)
  3 hungry ghosts
  4 basilisks
  A mottled dragon (D:13)
  4 wyverns
  11 wolves
  2 ice beasts (D:7)
  4 black bears
  7 orc warriors
  15 porcupines
  7 sky beasts
  A wasp (D:13)
  7 spiders (Lair:5)
  2 ogres
  25 water moccasins
  3 phantoms
  18 crocodiles
  7 centaurs
  22 giant frogs
  3 big kobolds
  A brain worm (D:12)
  A gnoll sergeant (D:10)
  A wyvern zombie (D:13)
  A water moccasin skeleton (D:7)
  7 killer bees
  6 scorpions
  5 wights (D:11)
  2 giant frog zombies
  2 wasp zombies
  6 crimson imps
  A quasit (D:10)
  5 hounds
  21 orc wizards
  12 orc priests
  5 giant frog skeletons
  11 jellies
  5 centaur skeletons
  Jessica (D:2)
  A gnoll shaman (D:5)
  11 iguanas
  14 sheep
  15 worker ants
  2 hound zombies
  2 hound skeletons
  2 worker ant zombies
  10 gnolls
  72 river rats
  20 adders
  6 shadow imps
  12 white imps (Lair:2)
  An ooze (D:1)
  An adder skeleton (D:5)
  7 worms
  9 giant geckos
  68 orcs
  4 ball pythons
  6 giant cockroaches
  16 goblins
  10 hobgoblins
  14 jackals
  3 quokkas
  7 bats
  A giant cockroach zombie (D:6)
  A giant gecko skeleton (D:7)
  4 giant newts
  27 kobolds
  A quokka skeleton (D:6)
  10 rats
  2 fungi
796 creatures vanquished.

Vanquished Creatures (others)
  61 fungi
  28 plants
89 creatures vanquished.

Grand Total: 885 creatures vanquished

Notes
Turn   | Place    | Note
--------------------------------------------------------------
     0 | D:1      | kae the Naga Fighter began the quest for the Orb.
     0 | D:1      | Reached XP level 1. HP: 21/21 MP: 1/1
   165 | D:1      | Reached XP level 2. HP: 25/28 MP: 2/2
   681 | D:1      | Reached XP level 3. HP: 34/34 MP: 3/3
  1031 | D:2      | Reached skill level 4 in Polearms
  1205 | D:2      | Reached XP level 4. HP: 42/42 MP: 4/4
  1287 | D:2      | Noticed Jessica
  1316 | D:2      | Killed Jessica
  2355 | D:3      | Noticed a centaur
  2363 | D:3      | Killed a centaur
  2363 | D:3      | Reached skill level 5 in Polearms
  2363 | D:3      | Reached XP level 5. HP: 8/49 MP: 5/5
  2673 | D:3      | Noticed Sigmund
  2685 | D:3      | Killed Sigmund
  2685 | D:3      | Reached skill level 6 in Polearms
  2685 | D:3      | Reached XP level 6. HP: 32/56 MP: 6/6
  2772 | D:3      | Reached skill level 7 in Polearms
  3038 | D:3      | Reached XP level 7. HP: 49/62 MP: 7/7
  3955 | D:4      | Reached skill level 8 in Polearms
  4136 | D:4      | Noticed Grinder
  4136 | D:4      | Paralysed by Grinder for 3 turns
  4146 | D:4      | Killed Grinder
  4232 | D:4      | Reached skill level 9 in Polearms
  4232 | D:4      | Reached XP level 8. HP: 40/69 MP: 8/8
  5359 | D:5      | Entered Level 5 of the Dungeon
  5393 | D:5      | Found a radiant altar of Vehumet.
  5433 | D:5      | Noticed emiel's ghost (experienced FoNe)
  5463 | D:5      | Killed emiel's ghost
  5463 | D:5      | Reached skill level 10 in Polearms
  6890 | D:6      | Found a burning altar of Makhleb.
  6902 | D:6      | Reached skill level 11 in Polearms
  6988 | D:6      | Reached XP level 9. HP: 75/75 MP: 9/9
  7083 | D:6      | Found a shimmering altar of Xom.
  8160 | D:6      | Reached skill level 12 in Polearms
  9116 | D:7      | Reached skill level 13 in Polearms
  9172 | D:7      | Found a staircase to the Ecumenical Temple.
  9181 | Temple   | Entered the Ecumenical Temple
  9323 | Temple   | Became a worshipper of Cheibriados the Contemplative
  9423 | D:7      | Found a white marble altar of Elyvilon.
  9445 | D:7      | Reached XP level 10. HP: 60/84 MP: 10/10
  9969 | D:7      | Acquired Cheibriados's first power
 10305 | D:8      | Got a steaming helmet
 10326 | D:8      | Identified the +2 helmet "Apponwid" {*Contam Int-5 Dex+3 Slay+5} (You found it on level 8 of the Dungeon)
 10447 | D:8      | Reached skill level 14 in Polearms
 10813 | D:9      | Noticed mcbry74's ghost (powerful HaHu)
 10853 | D:9      | Killed mcbry74's ghost
 11135 | D:9      | Found Geqo's Weapon Emporium.
 11290 | D:9      | Found Qoghohu Tas's Book Boutique.
 11421 | D:9      | Found a shadowy altar of Dithmenos.
 11576 | D:9      | Found Canyod's Book Shop.
 11657 | D:9      | Reached skill level 15 in Polearms
 11692 | D:10     | Entered Level 10 of the Dungeon
 11750 | D:9      | Acquired Cheibriados's second power
 11938 | D:10     | Noticed a hill giant
 11951 | D:10     | Killed a hill giant
 11951 | D:10     | Reached XP level 11. HP: 47/90 MP: 11/11
 12180 | D:10     | Reached skill level 1 in Invocations
 12185 | D:10     | Acquired Cheibriados's third power
 12262 | D:10     | Noticed Joseph
 12294 | D:10     | Killed Joseph
 12560 | D:10     | Noticed Grum
 12569 | D:10     | Reached skill level 5 in Invocations
 12575 | D:10     | Killed Grum
 12651 | D:10     | Acquired Cheibriados's fourth power
 12713 | D:10     | Got a twisted shield
 12724 | D:10     | Identified the cursed +0 shield "Sutrunag" {MP+9} (You found it on level 10 of the Dungeon)
 12785 | D:10     | Noticed Maurice
 12799 | D:10     | Killed Maurice
 13219 | D:10     | Noticed a hill giant
 13227 | D:10     | Killed a hill giant
 13900 | D:11     | Found a staircase to the Orcish Mines.
 14197 | D:11     | Noticed a centaur warrior
 14221 | D:11     | Killed a centaur warrior
 14221 | D:11     | Reached skill level 10 in Invocations
 14221 | D:11     | Reached XP level 12. HP: 71/97 MP: 19/19
 14371 | D:11     | Noticed Maud
 14372 | D:11     | Found a staircase to the Lair.
 14387 | D:11     | Killed Maud
 15623 | Lair:1   | Entered Level 1 of the Lair of Beasts
 15979 | Lair:1   | Reached skill level 5 in Fighting
 16599 | Lair:1   | Gained mutation: You can use your snake-like lower body to constrict enemies. [Naga growth]
 16599 | Lair:1   | Reached XP level 13. HP: 98/114 MP: 22/22
 17695 | Lair:2   | You fall through a shaft!
 17909 | Lair:3   | Noticed Fannar
 17919 | Lair:3   | Killed Fannar
 18012 | Lair:3   | Reached skill level 10 in Fighting
 18654 | Lair:4   | Found a staircase to the Shoals.
 19595 | Lair:5   | Found a hole to the Spider Nest.
 20277 | Lair:5   | Found a radiant altar of Vehumet.
 20786 | Lair:6   | Reached XP level 14. HP: 139/139 MP: 23/23
 21122 | Lair:6   | Reached skill level 16 in Polearms
 21526 | Lair:6   | Noticed Nessos
 21533 | Lair:6   | Killed Nessos
 22386 | Lair:7   | Reached skill level 17 in Polearms
 22996 | Lair:8   | Entered Level 8 of the Lair of Beasts
 23429 | Lair:8   | Found a staircase to the Slime Pits.
 23429 | Lair:8   | Found a viscous altar of Jiyva.
 23540 | Lair:8   | HP: 6/139 [death yak (9)]
 23953 | Lair:8   | Reached skill level 18 in Polearms
 24358 | Lair:8   | Reached XP level 15. HP: 135/146 MP: 24/24
 25264 | Orc:1    | Entered Level 1 of the Orcish Mines
 25405 | Orc:1    | Found a roughly hewn altar of Beogh.
 25704 | D:13     | Reached skill level 19 in Polearms
 26899 | D:13     | Gained mutation: You are agile. (Dex +2) [potion of beneficial mutation]
 26942 | D:14     | Mangled by an enormous slime creature

Vault maps used:
D:1:      nagdon_arrival_double_spiral
D:2:      roderic_serpentine_path, minmay_misc_feat_encased,
          corexii_corridor_pit, kennysheep_jessica_study, uniq_jessica
D:3:      first_bread, uniq_robin, uniq_sigmund
D:4:      grunt_ministairs_6, serial_bayou_pond_d, kennysheep_generic_room_15,
          uniq_grinder
D:5:      lemuel_crystal_altar, gup_sewer_entry_bowl
D:6:      makhleb_heckhound_becter, xom_teletrap_fun
D:7:      elyvilon_altar_5, temple_statues, the_bakery
D:9:      grunt_dithmenos_shadows, serial_shops, shop, nicolae_shop_crystal,
          nicolae_shop_statue_plus, serial_bayou_crossing
D:10:     uniq_grum, uniq_joseph, uniq_maurice
D:11:     lair_0_dummy, erik_orc_4, uniq_maud
D:13:     minmay_distorted_concentric_squares
D:14:     erik_vaults_2, kennysheep_cross_room, hangedman_corner_corridor
Temple:   chambers_temple_14
Lair:1:   serial_bayou_shore_b, grunt_megastairs_3
Lair:2:   portal_ice_cave_entry_imps, st_stairs_7
Lair:3:   uniq_fannar
Lair:4:   elwin_shoals_entry_rocks
Lair:5:   nicolae_spider_entry_tight_spaces, lemuel_oklob_altar,
          bh_autumn_forest_stairs
Lair:6:   serial_bayou_pond_a, uniq_nessos
Lair:7:   beast_lair_carwin_3
Lair:8:   grunt_lair_end_beastmaster, slime_altar_1, st_stairs_4,
          serial_bayou_shore_b
Orc:1:    basic_altar

Action                   |  1- 3 |  4- 6 |  7- 9 | 10-12 | 13-15 || total
-------------------------+-------+-------+-------+-------+-------++-------
Melee: Trident           |   138 |   156 |   744 |   838 |   783 ||  2659
       Glaive            |       |       |       |       |   171 ||   171
Invok: Slouch            |       |       |       |       |     2 ||     2
       Step From Time    |       |       |       |       |     1 ||     1
       Bend Time         |       |       |       |       |     1 ||     1
 Abil: Spit Poison       |       |     3 |    13 |    13 |     3 ||    32
Evoke: Wand              |       |       |     3 |       |     2 ||     5
  Use: Potion            |       |     1 |     3 |     1 |     7 ||    12
       Scroll            |       |       |    17 |     4 |    15 ||    36
 Stab: Distracted        |       |       |       |     7 |     2 ||     9
       Sleeping          |       |       |       |     2 |       ||     2
  Eat: Chunk             |       |     5 |    18 |     8 |    24 ||    55
       Bread ration      |       |       |       |     2 |       ||     2
       Royal jelly       |       |       |       |     1 |       ||     1
